 Dungeon Crawl Stone Soup version 0.17.0-26-gececa24 (webtiles) character file.

37 Raultor the Changer (level 3, -5/23 HPs)
             Began as an Octopode Transmuter on Nov 19, 2015.
             Killed from afar by Terence (11 damage)
             ... with a wand of flame
             ... on level 2 of the Dungeon.
             The game lasted 00:01:51 (1349 turns).

Raultor the Changer (Octopode Transmuter)           Turns: 1349, Time: 00:01:51

Health: -5/23      AC:  1    Str:  9    XL:     3   Next: 39%
Magic:  6/6        EV: 12    Int: 15    God:
Gold:   63         SH:  0    Dex: 13    Spells: 2 memorised, 2 levels left

rFire  . . .     SeeInvis .     g - +1 short sword (speed)
rCold  . . .     Clarity  .     (no shield)
rNeg   . . .     SustAt   .     (helmet restricted)
rPois  .         Gourm    .     (no amulet)
rElec  .         Spirit   .     (no ring)
rCorr  .         Warding  .     (no ring)
rMut   .         Stasis   .     (no ring)
MR     .....                    (no ring)
Stlth  ++........               (no ring)
                                (no ring)
                                (no ring)
                                (no ring)

@: not resistant to hostile enchantments, unstealthy
A: almost no armour, amphibious, 8 rings, constrict 8, camouflage 1, gelatinous
body 1
a: no special abilities


You were on level 2 of the Dungeon.
You were not hungry.

You visited 1 branch of the dungeon, and saw 2 of its levels.

You collected 63 gold pieces.

Inventory:

Hand Weapons
 g - a +1 short sword of speed (weapon)
Missiles
 a - 12 arrows
 j - 56 stones (quivered)
Scrolls
 f - a scroll of remove curse {unknown}
 h - a scroll of blinking {unknown}
 l - 2 scrolls of identify {unknown}
Potions
 d - a potion of agility {unknown}
 e - 2 potions of brilliance {unknown}
 k - a potion of curing {unknown}
Books
 b - a book of Changes

   Spells                             Type                      Level
   a - Beastly Appendage              Transmutation                1
   b - Sticks to Snakes               Transmutation                2
   c - Spider Form                    Transmutation/Poison         3
   d - Ice Form                       Ice/Transmutation            4
   e - Blade Hands                    Transmutation                5
Comestibles
 c - a bread ration
 i - a chunk of flesh
 m - a beef jerky


   Skills:
 - Level 1.0 Fighting
 - Level 2.0 Dodging
 - Level 3.0 Unarmed Combat
 - Level 2.0 Spellcasting
 + Level 3.7 Transmutations


You had 2 spell levels left.
You knew the following spells:

 Your Spells              Type           Power        Failure   Level  Hunger
a - Beastly Appendage     Trmt           ##....       6%          1    #......
b - Spider Form           Trmt/Pois      #.........   34%         3    ###....


Dungeon Overview and Level Annotations

Branches:
Dungeon (2/15)

Altars:

Annotations:
D:2 Terence


Innate Abilities, Weirdness & Mutations

You cannot wear most types of armour.
You are amphibious.
You can wear up to eight rings at the same time.
You can use your tentacles to constrict eight enemies at once.
Your skin changes colour to match your surroundings (Stealth).
Your rubbery body absorbs attacks (AC +1).


Message History

Terence is lightly wounded.
You constrict Terence. You barely miss Terence.
Terence is lightly wounded.
You constrict Terence.
Terence zaps a wand.
The puff of flame hits you!
It is a wand of flame.
You hit Terence.
Terence is moderately wounded.
You constrict Terence, but do no damage.
Terence zaps a wand.
The puff of flame hits you!
* * * LOW HITPOINT WARNING * * *
You are too injured to fight recklessly!
You hit Terence but do no damage.
Terence is moderately wounded.
You constrict Terence, but do no damage.
You hit Terence.
Terence is heavily wounded.
You constrict Terence, but do no damage.
Terence zaps a wand.
The puff of flame hits you!
You die...

... .? ..
#. #. #.##
# #@.###.#
#@....#
##...#....
#<.)...# #
#......#.#
#.##..##
.# ...
#.## ..
.## #.# .
.. #.# .
#.#


You could see Terence.

Vanquished Creatures
  An ooze (D:1)
  3 giant cockroaches (D:1)
  5 goblins (D:1)
  5 hobgoblins (D:1)
  4 jackals (D:1)
  4 kobolds (D:1)
  2 bats (D:1)
  A giant newt (D:1)
  5 rats (D:1)
30 creatures vanquished.

Notes
Turn   | Place    | Note
--------------------------------------------------------------
     0 | D:1      | Raultor the Octopode Transmuter began the quest for the Orb.
     0 | D:1      | Reached XP level 1. HP: 13/13 MP: 3/3
   197 | D:1      | Reached XP level 2. HP: 18/18 MP: 5/5
   582 | D:1      | Reached XP level 3. HP: 15/23 MP: 6/6
  1318 | D:1      | Learned a level 3 spell: Spider Form
  1343 | D:2      | Noticed Terence
  1349 | D:2      | Killed from afar by Terence

Action                   || total
-------------------------++-------
Melee: Unarmed           ||    33
       Short sword       ||    47
 Stab: Sleeping          ||     7
  Eat: Chunk             ||     1
